 Dungeon Crawl Stone Soup version 0.26.0-10-g1f06aea511 (webtiles) character file.

Game seed: 810708663209227743

10 sanka the Covert (level 2, -9/28 HPs)
             Began as a Naga Delver on Jan 20, 2021.
             Mangled by Sigmund
             ... wielding a +0 scythe
              (13 damage)
             ... on level 4 of the Dungeon.
             The game lasted 00:01:03 (307 turns).

sanka the Covert (Naga Delver)                       Turns: 307, Time: 00:01:04

Health: -9/28      AC:  2    Str: 14    XL:     2   Next: 20%
Magic:  2/2        EV:  9    Int: 10    God:
Gold:   38         SH:  0    Dex: 12    Spells: 1/1 levels left

rFire    . . .     SeeInvis +   a - +0 hand axe
rCold    . . .     Faith    .   (no shield)
rNeg     . . .     Spirit   .   b - +0 leather armour
rPois    +         Reflect  .   (no helmet)
rElec    .         Harm     .   (no cloak)
rCorr    +         Rampage  .   (no gloves)
Will     .....                  (no barding)
Stlth    +++.......             (no amulet)
HPRegen  0.09/turn              (no ring)
MPRegen  0.08/turn              h - ring of resist corrosion

@: hasted, quick
A: large, see invisible, deformed body, poison resistance, slowness 2, spit
poison 1, AC +0
a: Spit Poison


You were on level 4 of the Dungeon.
You visited 1 branch of the dungeon, and saw 2 of its levels.

You collected 38 gold pieces.


Innate Abilities, Weirdness & Mutations

You cannot wear boots.
Your serpentine skin is tough. (AC +0)
You have supernaturally acute eyesight. (SInv)
Armour fits poorly on your strangely shaped body.
Your system is resistant to poisons. (rPois)
You cover ground very slowly.
You can spit poison.


   Skills:
 + Level 3.0 Fighting
 - Level 2.0 Axes
 - Level 1.5 Dodging
 - Level 8.0 Stealth


You had one spell level left.
You didn't know any spells.
Your spell library was empty.

Inventory:

Hand Weapons
 a - a +0 hand axe (weapon)
Armour
 b - a +0 leather armour (worn)
Jewellery
 h - a ring of resist corrosion (right hand)
Wands
 g - a wand of digging (3)
Scrolls
 c - a scroll of fog
 d - a scroll of magic mapping
 e - a scroll of fear

Dungeon Overview and Level Annotations

Branches:
Dungeon (5/15)
 Temple: D:4-7

Altars:
Nemelex Xobeh

Annotations:
D:4 exclusions: orc priest and zombie, Sigmund

▒▒▒ ▒.▒▒▒▒▒▒▒▒▒▒▒▒▒▒▒▒▒
▒.................▒
▒.▒................
▒.▒.▒▒▒▒▒▒▒▒▒▒▒▒▒.▒ ▒.▒.▒
▒.........▒.▒ ▒.▒.▒ ▒.▒▒▒▒▒▒▒.▒.▒
▒▒▒▒▒▒▒▒▒▒▒▒▒▒▒.▒.▒▒▒.▒.......▒.▒
................N...........>....
▒▒▒▒.▒.▒▒.....@...▒▒▒.▒▒.▒▒▒..▒.▒
.......▒▒.▒..o▒▒▒▒▒ ▒.▒▒......▒.▒
.......▒▒.....▒▒▒▒▒▒▒.▒▒..▒▒..▒.▒
.......▒▒.▒...............▒▒.▒▒.▒
..........(.▒▒..................▒
............▒ ............▒▒.▒▒▒▒
..▒▒........▒ ....⌠.⌠..........▒
..▒▒.▒.▒▒.▒▒▒ (...._.....▒▒▒▒▒▒▒


You could see Sigmund (fast, invisible) and an orc priest.


Message History

Sigmund gestures at himself while chanting.
Sigmund flickers and vanishes for a moment.
Unknown command.
You have got your breath back.
The orc priest calls down the wrath of Beogh upon you.
Beogh smites you!
You hear a shout!
Use which ability? (? or * to list)
Aim: Sigmund, wielding a +0 scythe and wearing a +0 robe (moderately wounded, slightly transparent)
The splash of poison hits the orc priest but does no damage.
The orc priest is poisoned.
The orc priest calls down the wrath of Beogh upon you.
Beogh smites you!
* * * LOW HITPOINT WARNING * * *
Sigmund drinks a potion.
Sigmund seems to speed up.
You have got your breath back.
An orc wizard comes into view. It is wielding a +0 dagger.
The orc priest looks more healthy.
The orc priest miscasts a cantrip.
The orc wizard looks satisfied for a moment.
You feel yourself speed up.
The orc wizard gestures wildly while chanting.
The orc wizard seems to speed up.
You hear a shout!
The orc priest calls down the wrath of Beogh upon you.
Beogh smites you!
* * * LOW HITPOINT WARNING * * *
Sigmund hits you from afar with a +0 scythe!
You die...

Action                   || total
-------------------------++-------
 Abil: Spit Poison       ||     4
  Use: Potion            ||     1
Dodge: Dodged            ||     2

Levels and vault maps discovered:
D:4:      layout_basic, tgw_trog, nemelex_xobeh_ov_fountains_minmay,
          minmay_temple_entry_glassed_door, minmay_misc_feat_columns,
          chequers_serial_rivers_room_b, uniq_blork_the_orc, uniq_sigmund
D:5:      layout_basic, gammafunk_ghost_necromancy, serial_shops, shop

Notes
Turn   | Place    | Note
-------+----------+-------------------------------------------
     0 | D:5      | sanka the Naga Delver began the quest for the Orb.
     0 | D:5      | Reached XP level 1. HP: 21/21 MP: 1/1
    69 | D:4      | Found a sparkling altar of Nemelex Xobeh.
    92 | D:4      | Reached skill level 8 in Stealth
    92 | D:4      | Reached XP level 2. HP: 23/28 MP: 2/2
   253 | D:4      | Noticed Sigmund
   307 | D:4      | Mangled by Sigmund

Vanquished Creatures
  An adder (D:4)
  A quokka (D:4)
2 creatures vanquished.

Table legend: (Time is in decaauts)
 A = Elapsed time spent in this place.
 B = Non-inter-level travel time spent in this place.
 C = Inter-level travel time spent in this place.
 D = Time resting spent in this place.
 E = Time spent auto-exploring this place.
 F = Levels seen in this place.
 G = Mean time per level.
                   A        B        C        D        E       F      G
               +--------+--------+--------+--------+--------+-----+--------+
         Total |    400 |    398 |      2 |     49 |    249 |   2 |  200.0 |
       Dungeon |    400 |    398 |      2 |     49 |    249 |   2 |  200.0 |
               +--------+--------+--------+--------+--------+-----+--------+

Top non-repeatable levels by time:
     D:4: 368 daAuts
     D:5: 31 daAuts
